 Dungeon Crawl Stone Soup version 0.25-a0-166-g16436c4407 (webtiles) character file.

Game seed: 13643584858814694086, levelgen mode: deterministic

10684 1player the Fighter (level 11, -11/95 HPs)
             Began as a Purple Draconian Artificer on Nov 24, 2019.
             Was a Follower of Vehumet.
             Killed from afar by Josephine (19 damage)
             ... with a ghostly fireball
             ... on level 10 of the Dungeon.
             The game lasted 00:54:26 (14989 turns).

1player the Fighter (Purple Draconian Artificer)   Turns: 14989, Time: 00:54:27

Health: -11/95     AC: 11    Str: 18    XL:     11   Next: 39%
Magic:  18/21      EV: 18    Int: 21    God:    Vehumet [*.....]
Gold:   447        SH:  0    Dex: 13    Spells: 7/23 levels left

rFire    . . .     SeeInvis +   a - +2 spear (venom)
rCold    . . .     Gourm    .   (no shield)
rNeg     . . .     Faith    .   (armour unavailable)
rPois    +         Spirit   .   (helmet restricted)
rElec    .         Reflect  .   o - +0 cloak
rCorr    .         Harm     .   C - +1 pair of gloves
MR       +++++                  I - +0 pair of boots
Stlth    +.........             S - amulet "Pevvis" {RegenMP Int+6}
HPRegen  0.25/turn              A - ring of the Mage {Wiz MR++ Int+3}
MPRegen  0.42/turn              L - ring of Yngauniz {rPois MR++ EV+4 Str+2 SInv}

@: hasted and slowed, heavily drained
A: breathe power, unfitting armour, cold-blooded, AC +7
a: Breathe Dispelling Energy, Renounce Religion


You were on level 10 of the Dungeon.
You worshipped Vehumet.
Vehumet was aware of your devotion.
You were not hungry.

You visited 2 branches of the dungeon, and saw 11 of its levels.

You collected 447 gold pieces.

Inventory:

Hand Weapons
 a - a +2 spear of venom (weapon)
 H - a +1 vampiric dagger
 O - a +3 trident
 W - a +2 trident of freezing
Missiles
 w - 23 poisoned darts
 R - a throwing net (quivered)
Armour
 f - a +0 shield
 o - a +0 cloak (worn)
 C - a +1 pair of gloves (worn)
 I - a +0 pair of boots (worn)
Jewellery
 n - a +5 ring of dexterity
 z - a +3 ring of intelligence
 A - the ring of the Mage (left hand) {Wiz MR++ Int+3}
   (You found it on level 9 of the Dungeon)

   [ring of wizardry]

   It improves your spell success rate.
   It affects your intelligence (+3).
   It affects your resistance to hostile enchantments.
 K - an uncursed ring of wizardry
 L - the ring of Yngauniz (right hand) {rPois MR++ EV+4 Str+2 SInv}
   (You found it on level 9 of the Dungeon)

   [ring of evasion]

   It affects your evasion (+4).
   It affects your strength (+2).
   It protects you from poison.
   It affects your resistance to hostile enchantments.
   It lets you see invisible.
 S - the amulet "Pevvis" (around neck) {RegenMP Int+6}
   (You took it off a wight on level 9 of the Dungeon)

   [amulet of magic regeneration]

   It increases your magic regeneration.
   It affects your intelligence (+6).
 T - an uncursed ring of resist corrosion
Wands
 c - a wand of enslavement (6)
 d - a wand of random effects (8)
 P - a wand of polymorph (11)
 Q - a wand of disintegration (11)
 X - a wand of digging (8)
Scrolls
 j - 2 scrolls of enchant armour
 s - 3 scrolls of magic mapping
 u - 7 scrolls of teleportation
 x - a scroll of identify {@r1}
 y - a scroll of noise {unknown}
 E - a scroll of fog {unknown}
 M - 2 scrolls of amnesia
 N - a scroll of holy word {unknown}
 U - 2 scrolls of remove curse {@r2}
 V - a scroll of acquirement {unknown}
 Y - a scroll of fear
Potions
 g - 3 potions of might
 l - 4 potions of agility
 q - 6 potions of curing {@q1}
 B - a potion of berserk rage
 D - a potion of haste
 F - a potion of mutation {unknown}
 J - 3 potions of flight
 Z - a potion of brilliance
Miscellaneous
 G - a fan of gales
Comestibles
 e - 9 rations {!d}


   Skills:
 - Level 8.5(6.7) Fighting
 - Level 3.0(1.4) Short Blades
 - Level 2.0(0.5) Polearms
 - Level 6.2(4.5) Dodging
 - Level 0.8(0.0) Stealth
 + Level 3.2(1.6) Shields
 - Level 6.8(5.1) Spellcasting
 - Level 7.0(5.3) Conjurations
 - Level 4.1(2.5) Charms
 - Level 7.0(5.3) Fire Magic
 - Level 4.0(2.4) Air Magic
 - Level 6.3(4.6) Evocations


You had 7 spell levels left.
You knew the following spells:

 Your Spells              Type           Power        Failure   Level  Hunger
a - Fireball              Conj/Fire      ####......   14%         5    #####..
c - Swiftness             Chrm/Air       ###.....     2%          2    None
q - Throw Flame           Conj/Fire      ####..       1%          2    None
x - Conjure Flame         Conj/Fire      ####....     1%          3    ##.....
z - Sticky Flame          Conj/Fire      ####....     4%          4    ####...

Your spell library contained the following spells:

 Spells                   Type           Power        Failure   Level  Hunger
 Freeze                   Ice            #...         4%          1    None
 Flame Tongue             Conj/Fire      ####.        1%          1    None
 Shock                    Conj/Air       ###.         1%          1    None
 Static Discharge         Conj/Air       ###.....     2%          3    ##.....
 Inner Flame              Hex/Fire       ###.....     4%          3    ##.....
 Airstrike                Air            ###.......   16%         4    ####...
 Lightning Bolt           Conj/Air       ###.......   24%         5    #####..
 Bolt of Magma            Conj/Fire/Erth ###.......   26%         5    #####..
 Leda's Liquefaction      Hex/Erth       #.........   38%         4    ####...
 Iron Shot                Conj/Erth      ###.......   89%         6    #######
 Statue Form              Tmut/Erth      #........    99%         6    #######
 Shatter                  Erth           #.........   100%        9    #######


Dungeon Overview and Level Annotations

Branches:
Dungeon (10/15)            Temple (1/1) D:6             Orc (0/2) D:9
   Lair: D:8-11

Altars:
Ashenzari
Cheibriados
Dithmenos
Elyvilon
Fedhas
Gozag
Hepliaklqana
Kikubaaqudgha
Makhleb
Nemelex Xobeh
Okawaru
Qazlal
Ru
Sif Muna
Trog
Uskayaw
Vehumet
Wu Jian
Xom
Yredelemnul
Zin
The Shining One

Shops:
D:7 (

Annotations:
D:3 1 runed translucent door
D:10 Josephine


Innate Abilities, Weirdness & Mutations

You can breathe bolts of dispelling energy.
Your rich purple scales are hard. (AC +7)
You cannot fit into any form of body armour.
You are cold-blooded and may be slowed by cold attacks.


Message History

The ghostly fireball engulfs the wraith.
The wraith completely resists.
The ghostly fireball engulfs Josephine.
Josephine completely resists.
You hear a bark!
You feel better.
Josephine burns! x2; The wraith completely misses you.
Josephine is infused with unholy energy.
* * * LOW HITPOINT WARNING * * *
Josephine draws life force from you and is healed!
The wraith misses you.
Okay, then.
Press: ? - help, v - describe, . - travel The floor, spattered with blood.
Okay, then.
Okay, then.
You feel yourself speed up.
Josephine burns!
A hound comes into view.
Josephine casts a spell at you.
The ghostly flame explodes!
The ghostly fireball engulfs you!!
You feel drained.
You die...

##### ....#
...# ...#
#######.h
.@....WW#####
##@#...#
#W@....##
#.......#
#.##.#.##
#....#.#
###....#
#######.###
#.......#
#.####### #.#


You could see Josephine (burning), 3 wraiths and a hound.

Vanquished Creatures
  Harold (D:9)
  Erica (D:8)
  3 two-headed ogres
  3 centaur warriors (D:9)
  Pikel (D:8)
  3 deep elf magi (D:9)
  Joseph (D:8)
  A steam dragon (D:10)
  A hungry ghost (D:10)
  A water moccasin (D:8)
  3 orc warriors
  2 sky beasts
  A phantom (D:5)
  2 ice beasts
  2 ogres
  2 centaurs
  A crocodile (D:9)
  A big kobold (D:9)
  A gnoll sergeant (D:7)
  4 bullfrogs
  A water moccasin zombie (D:9)
  2 scorpions
  2 wyvern skeletons
  A wight (D:9)
  3 howler monkeys
  2 crimson imps
  2 quasits
  4 hounds
  2 jellies
  4 orc wizards
  2 bullfrog skeletons
  4 orc priests
  A centaur skeleton (D:5)
  An iguana (D:9)
  7 worker ants
  A hound skeleton (D:4)
  4 worker ant zombies
  8 gnolls
  5 adders
  3 shadow imps
  An adder skeleton (D:4)
  4 worms
  3 dart slugs
  3 leopard geckos
  24 orcs
  4 ball pythons
  6 giant cockroaches
  6 goblins
  4 hobgoblins
  2 jackals (D:5)
  6 kobolds
  5 quokkas
  5 bats
  7 frilled lizards
  7 rats
181 creatures vanquished.

Vanquished Creatures (collateral kills)
  3 gnolls (D:2)
  A hobgoblin (D:2)
4 creatures vanquished.

Vanquished Creatures (others)
  A slave (D:8)
  A howler monkey (D:8)
  A hound (D:9)
  An orc wizard (D:8)
  A killer bee zombie (D:8)
  2 gnolls (D:7)
  2 plants (D:9)
9 creatures vanquished.

Grand Total: 194 creatures vanquished

Notes
Turn   | Place    | Note
-------+----------+-------------------------------------------
     0 | D:1      | 1player the Draconian Artificer began the quest for the
                  | Orb.
     0 | D:1      | Reached XP level 1. HP: 16/16 MP: 3/3
   451 | D:1      | Reached XP level 2. HP: 18/23 MP: 4/4
  1630 | D:2      | Reached XP level 3. HP: 27/28 MP: 5/5
  2233 | D:2      | Reached XP level 4. HP: 35/35 MP: 6/6
  2415 | D:2      | Found an iron altar of Okawaru.
  2575 | D:2      | Reached skill level 1 in Polearms
  3290 | D:3      | Found a shadowy altar of Dithmenos.
  3290 | D:3      | Found a glowing golden altar of the Shining One.
  3695 | D:3      | You fall into a shaft and drop 2 floors!
  3695 | D:5      | Entered Level 5 of the Dungeon
  3726 | D:5      | Reached XP level 5. HP: 33/41 MP: 8/8
  3798 | D:5      | Reached skill level 2 in Fighting
  3870 | D:5      | Found a shattered altar of Ashenzari.
  4336 | D:3      | Found a glowing silver altar of Zin.
  4502 | D:3      | Found a bloodstained altar of Trog.
  4547 | D:3      | Found a white marble altar of Elyvilon.
  4548 | D:3      | Found a runed translucent door.
  4548 | D:3      | Noticed an angel
  4581 | D:3      | Reached skill level 3 in Fighting
  4738 | D:3      | Reached XP level 6. HP: 36/51 MP: 9/9
  4894 | D:4      | Reached skill level 5 in Evocations
  5609 | D:5      | Found a white marble altar of Elyvilon.
  5630 | D:5      | Reached skill level 4 in Fighting
  5850 | D:5      | Your scales start taking on a rich purple colour.
  5850 | D:5      | Reached XP level 7. HP: 26/60 MP: 11/11
  6082 | D:5      | Learned a level 1 spell: Flame Tongue
  6430 | D:5      | Learned a level 4 spell: Sticky Flame
  6472 | D:6      | Reached skill level 1 in Conjurations
  6472 | D:6      | Reached skill level 1 in Fire Magic
  6528 | D:6      | Reached skill level 1 in Spellcasting
  6557 | D:6      | Found an opulent altar of Gozag.
  6677 | D:6      | Found a staircase to the Ecumenical Temple.
  6686 | Temple   | Entered the Ecumenical Temple
  6914 | Temple   | Became a worshipper of Vehumet
  6958 | D:6      | Found a shimmering altar of Xom.
  7578 | D:7      | Reached XP level 8. HP: 27/67 MP: 12/12
  7818 | D:7      | Found Weiriema's Antique Weapon Shoppe.
  8447 | D:7      | Learned a level 2 spell: Throw Flame
  8837 | D:8      | Noticed Erica
  8864 | D:8      | Killed Erica
  8864 | D:8      | Reached XP level 9. HP: 32/72 MP: 8/19
  9136 | D:8      | Reached skill level 5 in Fighting
  9625 | D:8      | Noticed Joseph
  9654 | D:8      | Killed Joseph
  9654 | D:8      | Reached skill level 6 in Fighting
  9738 | D:8      | Reached * piety under Vehumet
  9738 | D:8      | Offered knowledge of Freeze by Vehumet.
  9847 | D:8      | Learned a level 3 spell: Conjure Flame
 10388 | D:8      | Noticed Pikel
 10421 | D:8      | Killed Pikel
 10421 | D:8      | Reached skill level 5 in Conjurations
 10421 | D:8      | Reached skill level 5 in Fire Magic
 10752 | D:8      | Found a snail-covered altar of Cheibriados.
 11243 | D:9      | Noticed a centaur warrior
 11593 | D:9      | Killed a centaur warrior
 11593 | D:9      | Reached XP level 10. HP: 58/83 MP: 16/20
 11716 | D:9      | Identified the amulet "Pevvis" {RegenMP Int+6}
 11788 | D:9      | Noticed Harold
 12182 | D:9      | Noticed a deep elf mage
 12206 | D:9      | Killed a deep elf mage
 12553 | D:9      | Killed Harold
 12553 | D:9      | Reached skill level 7 in Fighting
 12654 | D:9      | Found the ring of the Mage {Wiz MR++ Int+3}
 12654 | D:9      | Got a brightly glowing brass ring
 12658 | D:9      | Noticed a centaur warrior
 12664 | D:9      | Killed a centaur warrior
 12664 | D:9      | Reached skill level 5 in Dodging
 12790 | D:9      | Learned a level 5 spell: Fireball
 12793 | D:9      | Learned a level 2 spell: Swiftness
 12869 | D:9      | Reached skill level 1 in Charms
 12869 | D:9      | Reached skill level 1 in Air Magic
 13081 | D:9      | Found a staircase to the Orcish Mines.
 13094 | D:9      | Noticed a deep elf mage
 13104 | D:9      | Noticed a sun demon
 13172 | D:9      | Noticed a two-headed ogre
 13208 | D:9      | Killed a two-headed ogre
 13264 | D:9      | Noticed a two-headed ogre
 13277 | D:9      | Killed a two-headed ogre
 13277 | D:9      | Reached XP level 11. HP: 82/93 MP: 9/21
 13372 | D:9      | Noticed a deep elf mage
 13387 | D:9      | Killed a deep elf mage
 13389 | D:9      | Noticed a centaur warrior
 13395 | D:9      | Killed a centaur warrior
 13395 | D:9      | Reached skill level 8 in Fighting
 14186 | D:9      | Noticed an unseen horror
 14330 | D:9      | Killed a deep elf mage
 14401 | D:10     | Entered Level 10 of the Dungeon
 14547 | D:10     | Noticed a two-headed ogre
 14570 | D:10     | Killed a two-headed ogre
 14867 | D:10     | Identified the ring of Yngauniz {rPois MR++ EV+4 Str+2
                  | SInv} (You found it on level 9 of the Dungeon)
 14974 | D:10     | Noticed Josephine
 14989 | D:10     | Killed from afar by Josephine

Levels and vault maps discovered:
D:1:      ebering_trefoil_twist, layout_loops_corners
D:2:      layout_loops_cross, first_ration, okawaru_altar_gauntlet_db
D:3:      layout_rooms, lightli_temple_of_fire, lemuel_crystal_altar,
          amethyst_overflow_temple_binary, chequers_serial_rivers_micro_a,
          lemuel_angel_altar
D:4:      layout_loops_corners
D:5:      layout_loops_ring, hangedman_feature_mirror
D:6:      layout_cave_pools, xom_teletrap_fun, grunt_gozag_statues,
          minmay_temple_entry_crystal_x
D:7:      layout_basic, serial_shops, shop
D:8:      layout_basic, lemuel_round_altar, uniq_joseph, uniq_erica, uniq_pikel
D:9:      minmay_the_grid_octo_triangle [minmay_the_grid_octo_tetromino_candy,
          minmay_the_grid_octo_prize_single_spiral,
          minmay_the_grid_octo_pinwheel], layout_cave_pools, david_orc_3,
          minmay_shattered_shrine, uniq_harold
D:10:     layout_basic, hangedman_ranch [blue_anna_fruit_fields], uniq_josephine
Temple:   regret_index_temple_generic_petals

Skill      XL: |  1  2  3  4  5  6  7  8  9 10 11 |
---------------+----------------------------------+-----
Short Blades   | 2 3 |  3.0
Polearms       | 2 |  2.0
Evocations     | 4 6 |  6.3
Fighting       | 3 4 6 7 8 |  8.5
Conjurations   | 3 4 6 7 |  7.0
Fire Magic     | 3 4 6 7 |  7.0
Spellcasting   | 2 6 |  6.8
Dodging        | 3 5 6 |  6.2
Charms         | 4 |  4.1
Air Magic      | 3 4 |  4.0
Shields        | 3 |  3.2
Stealth        | |  0.8

Action                   |  1- 3 |  4- 6 |  7- 9 | 10-12 || total
-------------------------+-------+-------+-------+-------++-------
Melee: Short sword       |   127 |       |       |       ||   127
       Tailslap          |    14 |    31 |    28 |    31 ||   104
       Spear             |       |   211 |   214 |   213 ||   638
Throw: Dart              |       |    21 |     5 |       ||    26
       Throwing net      |       |       |       |     3 ||     3
 Cast: Flame Tongue      |       |       |    11 |       ||    11
       Throw Flame       |       |       |    49 |    71 ||   120
       Sticky Flame      |       |       |     4 |    18 ||    22
       Conjure Flame     |       |       |     2 |     6 ||     8
       Fireball          |       |       |       |     3 ||     3
 Abil: Breathe Dispellin |       |       |       |     1 ||     1
Evoke: Wand              |     5 |    12 |     6 |     8 ||    31
  Use: Scroll            |     3 |     8 |    10 |     5 ||    26
       Potion            |       |     1 |     4 |     5 ||    10
 Stab: Sleeping          |     3 |     2 |       |     1 ||     6
  Eat: Chunk             |     1 |     8 |     9 |     5 ||    23
       Ration            |     1 |     1 |     3 |     3 ||     8
Armor: Skin              |    34 |    73 |    82 |    94 ||   283
Dodge: Dodged            |    93 |   127 |   152 |   140 ||   512

Table legend:
 A = Non-vault XP
 B = Vault XP
 C = Vault XP percentage of total XP
 D = Non-vault monster count
 E = Vault monster count
 F = Vault count percentage of total count
                 A         B        C        D         E       F
            +---------+---------+-------+---------+---------+-------
      Total |    5697 |    9567 |  62.7 |     152 |      37 |  19.6
            +---------+---------+-------+---------+---------+-------
        D:1 |      32 |      14 |  30.4 |      19 |       1 |   5.0
        D:2 |      69 |      23 |  25.0 |      19 |       5 |  20.8
        D:3 |     122 |       0 |   0.0 |      24 |       0 |   0.0
        D:4 |     146 |       0 |   0.0 |      11 |       0 |   0.0
        D:5 |     484 |       0 |   0.0 |      18 |       0 |   0.0
        D:6 |     460 |       0 |   0.0 |       8 |       0 |   0.0
        D:7 |     580 |       0 |   0.0 |      16 |       0 |   0.0
        D:8 |    1112 |    2057 |  64.9 |      26 |       3 |  10.3
        D:9 |    1153 |    7473 |  86.6 |       4 |      28 |  87.5
       D:10 |    1539 |       0 |   0.0 |       7 |       0 |   0.0
            +---------+---------+-------+---------+---------+-------
